[Event "ICC tourney 2201 (30 10)"]
[Site "Internet Chess Club"]
[Date "2020.12.13"]
[Round "4"]
[White "Shakhmatova"]
[Black "iamvoltu"]
[Result "0-1"]
[ICCResult "White resigns"]
[WhiteElo "1792"]
[BlackElo "1600"]
[Opening "Sicilian: closed"]
[ECO "B23"]
[NIC "SI.44"]
[Time "17:01:22"]
[PlyCount "78"]
[TimeControl "1800+10"]


1. e4 c5 2. Nc3 a6 3. a4 Nc6 4. f4 Nf6 5. e5 Ng8 6. Nf3 d5 7. d3 Nh6 8. g3
Bg4 9. Bg2 Nf5 10. O-O Ncd4 11. Ne2 Nxf3+ 12. Bxf3 Bh3 13. Re1 e6 14. c3 h5
15. Kf2 Bg4 16. Bg2 h4 17. Rh1 h3 18. Bf1 d4 19. c4 Qc8 20. Qe1 Qc6 21. Kg1
Bf3 22. Qf2 Bxh1 23. Bd2 Nh6 24. Bxh3 Nf5 25. Bxf5 exf5 26. h4 Be7 27. Kh2
Bxh4 28. gxh4 Rxh4+ 29. Kg1 Qg6+ 30. Kf1 Qh5 31. Ke1 Rh2 32. Ng3 Qh3 33.
Qg1 Rg2 34. Qxg2 Qxg2 35. Ne2 Qf3 36. Ra3 Bg2 37. Kd1 Qf1+ 38. Be1 Bf3 39.
Ra1 Qxe2+ { White resigns } 0-1

[Event "ICC tourney 2201 (30 10)"]
[Site "Internet Chess Club"]
[Date "2020.12.13"]
[Round "4"]
[White "Artem13"]
[Black "chessfidebullet"]
[Result "1-0"]
[ICCResult "Black resigns"]
[WhiteElo "1597"]
[BlackElo "1289"]
[Opening "Philidor's defense"]
[ECO "C41"]
[NIC "KP.10"]
[Time "17:01:35"]
[PlyCount "77"]
[TimeControl "1800+10"]


1. e4 e5 2. Nf3 d6 3. Bc4 Bg4 4. h3 Bh5 5. d3 c6 6. Nbd2 Nf6 7. a3 Nbd7 8.
Nf1 Be7 9. Ng3 Bg6 10. Bg5 Qb6 11. Bb3 d5 12. exd5 e4 13. dxc6 Qxc6 14. Nd4
Qd6 15. Ndf5 Qe5 16. dxe4 Nxe4 17. O-O Bxf5 18. Bxe7 Kxe7 19. Re1 Rhe8 20.
Nxf5+ Qxf5 21. f3 Qc5+ 22. Kh2 Qe5+ 23. Kg1 Ndf6 24. fxe4 Nh5 25. Qf3 Nf4
26. Rad1 Kf8 27. Kh1 Ne6 28. Rd5 Qxb2 29. Rf5 f6 30. Qd3 Rad8 31. Qc4 Rd6
32. e5 Rc6 33. Qb4+ Re7 34. exf6 gxf6 35. Ref1 Kf7 36. Bxe6+ Rcxe6 37. Qxb2
Kg6 38. Rxf6+ Rxf6 39. Qxf6+ { Black resigns } 1-0

[Event "ICC tourney 2201 (30 10)"]
[Site "Internet Chess Club"]
[Date "2020.12.13"]
[Round "4"]
[White "Abror"]
[Black "kdbel"]
[Result "1/2-1/2"]
[ICCResult "Game drawn by mutual agreement"]
[WhiteElo "1635"]
[BlackElo "1892"]
[Opening "French: advance, Paulsen attack"]
[ECO "C02"]
[NIC "FR.03"]
[Time "17:01:16"]
[PlyCount "85"]
[TimeControl "1800+10"]


1. e4 e6 2. d4 d5 3. e5 c5 4. c3 Nc6 5. Nf3 Qb6 6. a3 c4 7. Nbd2 Na5 8. Be2
Bd7 9. O-O Ne7 10. Qe1 h6 11. Bd1 O-O-O 12. Rb1 Qc7 13. b3 cxb3 14. Nxb3
Nxb3 15. Rxb3 Kb8 16. Be2 Nc8 17. Bb5 Bxb5 18. Rxb5 Nb6 19. Qd2 a6 20. Rb3
Rc8 21. Qc2 Ka7 22. Be3 Nc4 23. Ra1 g5 24. h3 Be7 25. Rab1 Na5 26. R3b2
Bxa3 27. Ra2 Nc4 28. Nd2 Nxe3 29. fxe3 Qxc3 30. Qa4 Qxe3+ 31. Kh1 Rc1+ 32.
Rxc1 Bxc1 33. Qb4 Qe1+ 34. Kh2 Bxd2 35. Qc5+ Ka8 36. Rxa6+ bxa6 37. Qc6+
Kb8 38. Qb6+ Kc8 39. Qc6+ Kd8 40. Qd6+ Ke8 41. Qb8+ Ke7 42. Qd6+ Ke8 43.
Qb8+ { Game drawn by mutual agreement } 1/2-1/2

[Event "ICC tourney 2201 (30 10)"]
[Site "Internet Chess Club"]
[Date "2020.12.13"]
[Round "5"]
[White "loonyafternoon"]
[Black "MBashur"]
[Result "1-0"]
[ICCResult "Black checkmated"]
[WhiteElo "1156"]
[BlackElo "1011"]
[Opening "Pirc: Ufimtsev-Pytel variation"]
[ECO "B07"]
[NIC "VO.17"]
[Time "19:03:55"]
[PlyCount "49"]
[TimeControl "1800+10"]


1. e4 d6 2. d4 c6 3. Nc3 Nf6 4. Nf3 d5 5. e5 Ne4 6. Nxe4 dxe4 7. Be3 exf3
8. Qxf3 Qb6 9. Bc4 Qb4+ 10. c3 Qxc4 11. a3 e6 12. Rb1 a5 13. Qe4 Be7 14.
Qg4 O-O 15. Bh6 g6 16. h4 Re8 17. h5 Bxa3 18. hxg6 fxg6 19. bxa3 Qxc3+ 20.
Bd2 Qc2 21. Rc1 Qb3 22. Qh4 Re7 23. Qxe7 Nd7 24. Rxh7 b5 25. Qg7# { Black
checkmated } 1-0

[Event "ICC tourney 2201 (30 10)"]
[Site "Internet Chess Club"]
[Date "2020.12.13"]
[Round "5"]
[White "shreyanshdaga"]
[Black "wildrumpus"]
[Result "0-1"]
[ICCResult "White checkmated"]
[WhiteElo "347"]
[BlackElo "1535"]
[Opening "Caro-Kann: exchange variation"]
[ECO "B13"]
[NIC "CK.02"]
[Time "19:04:23"]
[PlyCount "94"]
[TimeControl "1800+10"]


1. e4 c6 2. d4 d5 3. exd5 cxd5 4. Nf3 Bg4 5. Be2 Nf6 6. O-O h6 7. h3 Bh5 8.
Bf4 Qb6 9. Bxb8 Qxb2 10. Nbd2 Rxb8 11. Rb1 Qc3 12. Ne5 Bxe2 13. Qxe2 b5 14.
Rfd1 a6 15. Qd3 Qxd3 16. cxd3 e6 17. Nc6 Ra8 18. Rb2 Bd6 19. Rdb1 O-O 20.
Na5 Rfc8 21. Nb7 Bf8 22. Na5 Rc7 23. a3 Bxa3 24. Rb3 Be7 25. Nf3 Nd7 26.
Ne5 Nxe5 27. dxe5 Rac8 28. Kh2 Bc5 29. R3b2 Bd4 30. Rd2 Bxe5+ 31. Kg1 Bc3
32. Rdd1 Bxa5 33. d4 Rc4 34. Kh2 Bb6 35. Kg3 Rxd4 36. Rxd4 Bxd4 37. f4 f5
38. h4 h5 39. Rd1 Rc3+ 40. Kh2 Bf6 41. g3 a5 42. Ra1 Rc2+ 43. Kh1 Bxa1 44.
Kg1 b4 45. Kf1 b3 46. Ke1 b2 47. Kd1 b1=Q# { White checkmated } 0-1

[Event "ICC tourney 2201 (30 10)"]
[Site "Internet Chess Club"]
[Date "2020.12.13"]
[Round "5"]
[White "weakfish"]
[Black "AlanZ"]
[Result "0-1"]
[ICCResult "White resigns"]
[WhiteElo "1587"]
[BlackElo "1744"]
[Opening "Sicilian defense"]
[ECO "B34"]
[NIC "SI.33"]
[Time "19:04:01"]
[PlyCount "104"]
[TimeControl "1800+10"]


1. e4 c5 2. Nf3 Nc6 3. d4 cxd4 4. Nxd4 g6 5. c3 Bg7 6. Be3 Nf6 7. Nd2 O-O
8. Qc2 d5 9. Bb5 Nxd4 10. Bxd4 dxe4 11. Nxe4 Nxe4 12. Bxg7 Kxg7 13. Qxe4
Qc7 14. O-O Bf5 15. Qd4+ e5 16. Qc4 Qxc4 17. Bxc4 Rfd8 18. Rad1 Bc2 19. Rd5
Rxd5 20. Bxd5 Rd8 21. Bxb7 Rb8 22. Rc1 Bd3 23. Bd5 Rxb2 24. f3 f5 25. Bb3
Kf6 26. c4 Ke7 27. c5 Rb1 28. Rxb1 Bxb1 29. a3 Kd7 30. Bg8 h6 31. Bh7 g5
32. g4 Kc6 33. Bxf5 Bxf5 34. gxf5 Kxc5 35. Kf2 Kd6 36. Ke3 Ke7 37. Kd3 Kf6
38. Ke4 h5 39. h3 h4 40. a4 a5 41. Kd5 Kxf5 42. Kc5 Kf4 43. Kb5 Kxf3 44.
Kxa5 e4 45. Kb6 e3 46. a5 e2 47. a6 e1=Q 48. a7 Qb4+ 49. Kc7 Qc5+ 50. Kb7
Qxa7+ 51. Kxa7 Kg3 52. Kb6 Kxh3 { White resigns } 0-1

[Event "ICC tourney 2201 (30 10)"]
[Site "Internet Chess Club"]
[Date "2020.12.13"]
[Round "5"]
[White "iamvoltu"]
[Black "keb2020"]
[Result "1-0"]
[ICCResult "Black resigns"]
[WhiteElo "1600"]
[BlackElo "1883"]
[Opening "King's Indian: London system"]
[ECO "A45"]
[NIC "QP.03"]
[Time "19:04:02"]
[PlyCount "53"]
[TimeControl "1800+10"]


1. d4 Nf6 2. Bf4 g6 3. Nf3 Bg7 4. e3 d6 5. Nbd2 Nh5 6. Bg5 h6 7. Bh4 g5 8.
Bg3 Nxg3 9. hxg3 Nc6 10. Bb5 Bd7 11. a4 e5 12. dxe5 Nxe5 13. Nxe5 Bxe5 14.
c3 Bxb5 15. axb5 Qd7 16. Qa4 f5 17. Nf3 Kf8 18. Nxe5 dxe5 19. Qb4+ Kg7 20.
Rd1 Qe6 21. Qc5 Rhc8 22. Rd5 b6 23. Rxe5 Qf6 24. Qe7+ Kg6 25. Rxh6+ Kxh6
26. Qxf6+ Kh7 27. Re7+ { Black resigns } 1-0

[Event "ICC tourney 2201 (30 10)"]
[Site "Internet Chess Club"]
[Date "2020.12.13"]
[Round "5"]
[White "chessfidebullet"]
[Black "wawama"]
[Result "0-1"]
[ICCResult "White checkmated"]
[WhiteElo "1289"]
[BlackElo "1094"]
[Opening "Giuoco Pianissimo"]
[ECO "C50"]
[NIC "IG.02"]
[Time "19:04:07"]
[PlyCount "98"]
[TimeControl "1800+10"]


1. e4 e5 2. Nf3 Nc6 3. Bc4 Bc5 4. d3 h6 5. Be3 Bxe3 6. fxe3 Nf6 7. Nbd2 d6
8. c3 Be6 9. d4 Bxc4 10. Nxc4 exd4 11. exd4 Nxe4 12. d5 Ne7 13. Na5 Rb8 14.
Qa4+ Qd7 15. Qxe4 O-O 16. h4 Rfe8 17. O-O-O Ng6 18. Qd3 Qa4 19. Ng5 hxg5
20. hxg5 Qxa5 21. Qh3 Kf8 22. Rde1 Rxe1+ 23. Rxe1 Qxd5 24. Kb1 Qc6 25. Re2
Re8 26. Rxe8+ Qxe8 27. Qf3 c6 28. Qd3 d5 29. Qf5 Qe4+ 30. Qxe4 dxe4 31. Kc2
f5 32. gxf6 gxf6 33. g4 Ne5 34. Kb3 Nxg4 35. Kc4 e3 36. Kd3 f5 37. Ke2 Ke7
38. b4 Ke6 39. c4 Ke5 40. Kd3 f4 41. a4 f3 42. b5 cxb5 43. axb5 b6 44. c5
bxc5 45. Kc4 e2 46. Kxc5 e1=Q 47. Kc6 Qc3+ 48. Kb7 Qc5 49. Ka6 Qb6# { White
checkmated } 0-1

[Event "ICC tourney 2201 (30 10)"]
[Site "Internet Chess Club"]
[Date "2020.12.13"]
[Round "5"]
[White "niftyfountain"]
[Black "Artem13"]
[Result "0-1"]
[ICCResult "White checkmated"]
[WhiteElo "1368"]
[BlackElo "1597"]
[Opening "Scotch: Potter variation"]
[ECO "C45"]
[NIC "SO.05"]
[Time "19:04:06"]
[PlyCount "50"]
[TimeControl "1800+10"]


1. e4 e5 2. Nf3 Nc6 3. d4 exd4 4. Nxd4 Bc5 5. Nb3 Bb6 6. Nc3 d6 7. Qe2 Nf6
8. Be3 Be6 9. f3 Bxb3 10. axb3 O-O 11. O-O-O Qe7 12. Kb1 Rfd8 13. Qd2 Ba5
14. Qf2 Bxc3 15. bxc3 d5 16. Bc5 Qe5 17. exd5 Nxd5 18. Rd3 Nxc3+ 19. Kc1 b6
20. Ba3 Nb5 21. Rxd8+ Rxd8 22. Bb2 Qf4+ 23. Kb1 Rd1+ 24. Bc1 Qxc1+ 25. Ka2
Qa1# { White checkmated } 0-1

[Event "ICC tourney 2201 (30 10)"]
[Site "Internet Chess Club"]
[Date "2020.12.13"]
[Round "5"]
[White "RatislavK"]
[Black "Shakhmatova"]
[Result "0-1"]
[ICCResult "White checkmated"]
[WhiteElo "1311"]
[BlackElo "1792"]
[Opening "Queen's Pawn"]
[ECO "A41"]
[NIC "QO.17"]
[Time "19:03:58"]
[PlyCount "92"]
[TimeControl "1800+10"]


1. d4 d6 2. Nf3 c6 3. g3 Qc7 4. Bg2 Nd7 5. O-O Ngf6 6. c4 g6 7. Nc3 Bg7 8.
e4 e5 9. d5 c5 10. Qc2 a6 11. a4 O-O 12. h3 h6 13. Be3 Nh5 14. Qd2 Kh7 15.
g4 Nf4 16. Ne2 g5 17. h4 f6 18. hxg5 hxg5 19. Ng3 Rh8 20. Nf5 Nf8 21. Rfc1
N8g6 22. Nh2 Bxf5 23. exf5 Nh4 24. Bxf4 gxf4 25. f3 Bh6 26. Bf1 Qg7 27. Be2
e4 28. Rc3 Nxf5 29. fxe4 f3 30. Qd3 Be3+ 31. Kf1 fxe2+ 32. Ke1 Nh4 33. Kxe2
Bd4 34. Rc2 Rae8 35. Rh1 Kg8 36. Kf1 Qg5 37. Qg3 Rxe4 38. Nf3 Rf4 39. Rxh4
Rxh4 40. Kg2 Rxf3 41. Kxf3 Qh6 42. Qxd6 Qe3+ 43. Kg2 Qe4+ 44. Kg3 Rxg4+ 45.
Kh3 Qf3+ 46. Kh2 Bg1# { White checkmated } 0-1

[Event "ICC tourney 2201 (30 10)"]
[Site "Internet Chess Club"]
[Date "2020.12.13"]
[Round "5"]
[White "wawaba"]
[Black "baldwinsthename"]
[Result "1/2-1/2"]
[ICCResult "Game drawn because neither player has mating material"]
[WhiteElo "863"]
[BlackElo "1215"]
[Opening "Four knights: Italian variation"]
[ECO "C47"]
[NIC "RG.01"]
[Time "19:04:08"]
[PlyCount "122"]
[TimeControl "1800+10"]


1. e4 e5 2. Nf3 Nf6 3. Nc3 Nc6 4. Bc4 Nxe4 5. Nxe4 d5 6. Bxd5 Qxd5 7. Nc3
Qd8 8. d3 Bc5 9. Be3 Bxe3 10. fxe3 Bg4 11. h3 Bh5 12. O-O Qd6 13. Ne4 Qb4
14. Rb1 h6 15. Ng3 Bg6 16. a3 Qb6 17. Qe2 O-O-O 18. Kh2 f5 19. Nh4 Ne7 20.
Nxg6 Qxg6 21. Qh5 f4 22. Qxg6 Nxg6 23. exf4 Nxf4 24. Rbe1 Rd5 25. Ne2 g5
26. Nxf4 gxf4 27. g3 Rf8 28. gxf4 exf4 29. Rf3 Kd7 30. Ref1 Rdf5 31. h4 h5
32. Kh3 R8f6 33. Kg2 Rg6+ 34. Kh3 Rg4 35. c3 Kd6 36. b3 c5 37. c4 Ke5 38.
b4 b6 39. Re1+ Kd4 40. Re4+ Kc3 41. d4+ Kxc4 42. dxc5+ Kd5 43. Re7 bxc5 44.
bxc5 Kxc5 45. Rxa7 Kb6 46. Ra4 Kb5 47. Ra7 Re5 48. Rf7 Re1 49. Rf5+ Kc6 50.
Rxh5 Reg1 51. Rh6+ Kb5 52. Rf6 Rg8 53. Rf5+ Kc6 54. Rg5 R8xg5 55. hxg5 Rxg5
56. Rxf4 Kb5 57. Kh4 Rg2 58. a4+ Ka5 59. Kh3 Ra2 60. Kg3 Rxa4 61. Rxa4+
Kxa4 { Game drawn because neither player has mating material } 1/2-1/2

[Event "ICC tourney 2201 (30 10)"]
[Site "Internet Chess Club"]
[Date "2020.12.13"]
[Round "5"]
[White "kdbel"]
[Black "solveur"]
[Result "1-0"]
[ICCResult "Black resigns"]
[WhiteElo "1892"]
[BlackElo "1319"]
[Opening "Ruy Lopez: 5.O-O"]
[ECO "C78"]
[NIC "RL.12"]
[Time "19:03:57"]
[PlyCount "109"]
[TimeControl "1800+10"]


1. e4 e5 2. Nf3 Nc6 3. Bb5 a6 4. Ba4 Nf6 5. O-O b5 6. Bb3 Bc5 7. d3 O-O 8.
c3 Bb6 9. Bg5 d6 10. h3 h6 11. Bh4 Be6 12. Nbd2 Na5 13. Bxe6 fxe6 14. d4
exd4 15. cxd4 Qd7 16. Qc2 Nc6 17. Nb3 a5 18. Rad1 a4 19. Nc1 Nb4 20. Qb1
Nh5 21. a3 Nc6 22. Ne2 Qf7 23. Qd3 Na7 24. e5 d5 25. Nh2 Nf4 26. Nxf4 Qxf4
27. Bg3 Qf5 28. Qc3 h5 29. Nf3 Rac8 30. Nh4 Qg5 31. f4 Qh6 32. f5 c5 33.
Bf4 cxd4 34. Qg3 Qh7 35. fxe6 Rfe8 36. Bg5 Rxe6 37. Nf5 Qg6 38. Qf4 Bd8 39.
Nh6+ Kh7 40. Nf7 Bb6 41. Kh2 Rc2 42. Rf3 Re8 43. Rg3 Rf8 44. Rf1 Rc7 45.
Be7 Rxe7 46. Rxg6 Rexf7 47. Qg5 Kg8 48. Rxf7 Rxf7 49. Rxb6 Nc8 50. Rb8 Rf8
51. Qg6 Kh8 52. Qxh5+ Kg8 53. Qg4 Ne7 54. Rxf8+ Kxf8 55. Qxd4 { Black
resigns } 1-0

[Event "ICC tourney 2201 (30 10)"]
[Site "Internet Chess Club"]
[Date "2020.12.13"]
[Round "5"]
[White "AdityaBang"]
[Black "RahulPeesa"]
[Result "1/2-1/2"]
[ICCResult "Game drawn by mutual agreement"]
[WhiteElo "1408"]
[BlackElo "1282"]
[Opening "Caro-Kann: advance variation"]
[ECO "B12"]
[NIC "CK.04"]
[Time "19:03:59"]
[PlyCount "74"]
[TimeControl "1800+10"]


1. e4 c6 2. d4 d5 3. e5 Bf5 4. Nf3 e6 5. Be2 c5 6. c3 Nc6 7. O-O cxd4 8.
cxd4 Bg6 9. Nc3 Nge7 10. Bg5 Qb6 11. Nb5 Nf5 12. Rc1 a6 13. Nc3 Nfxd4 14.
Nxd4 Qxd4 15. Qb3 Qb4 16. Qd1 Qxb2 17. Bd3 Bxd3 18. Qxd3 Qb6 19. Na4 Qd4
20. Qc2 Qxe5 21. Nb6 Rb8 22. Qa4 Qd4 23. Qxd4 Nxd4 24. Rc7 Bd6 25. Rc8+
Rxc8 26. Nxc8 O-O 27. Nxd6 f6 28. Be3 Ne2+ 29. Kh1 d4 30. Bd2 b5 31. Ne4
Rc8 32. Re1 d3 33. a3 Rc2 34. Bb4 f5 35. Nd2 e5 36. f3 Nc3 37. Nf1 Ne2 {
Game drawn by mutual agreement } 1/2-1/2

[Event "ICC tourney 2201 (30 10)"]
[Site "Internet Chess Club"]
[Date "2020.12.13"]
[Round "5"]
[White "auggie29"]
[Black "e4h5"]
[Result "0-1"]
[ICCResult "White checkmated"]
[WhiteElo "1095"]
[BlackElo "1239"]
[Opening "Sicilian: dragon, 6.Be3"]
[ECO "B72"]
[NIC "SI.16"]
[Time "19:04:09"]
[PlyCount "104"]
[TimeControl "1800+10"]


1. e4 c5 2. Nf3 d6 3. d4 cxd4 4. Nxd4 Nf6 5. Nc3 g6 6. Be3 Bg7 7. Qd2 Ng4
8. Bc4 Nxe3 9. Qxe3 a6 10. f3 Nd7 11. Qf4 O-O 12. Nde2 Ne5 13. Bd3 Nxd3+
14. cxd3 Be6 15. g4 Qb6 16. Rb1 Rac8 17. Qd2 Rc7 18. Rc1 Rfc8 19. a3 Bd4
20. Nxd4 Qxd4 21. Ke2 Qe5 22. Kf2 Qf6 23. Kg2 Qh4 24. Qf2 Qg5 25. h3 d5 26.
Rhg1 Qe5 27. Ne2 Qxb2 28. Rxc7 Rxc7 29. a4 Rc2 30. Re1 Rd2 31. exd5 Bxd5
32. Kf1 Rxd3 33. Nf4 Qxf2+ 34. Kxf2 Rxf3+ 35. Ke2 Rxf4 36. Kd3 Rxa4 37.
Rxe7 Bc6 38. Re2 Bb5+ 39. Kd2 Bxe2 40. Kxe2 Rf4 41. Ke3 Rf6 42. g5 Rf5 43.
h4 a5 44. Kd3 a4 45. Kc3 b5 46. Kb4 Rf4+ 47. Ka3 Rxh4 48. Kb2 b4 49. Ka2
Rh2+ 50. Kb1 b3 51. Ka1 a3 52. Kb1 Rh1# { White checkmated } 0-1

[Event "ICC tourney 2201 (30 10)"]
[Site "Internet Chess Club"]
[Date "2020.12.13"]
[Round "5"]
[White "tgeis13"]
[Black "SultanofBling"]
[Result "0-1"]
[ICCResult "White checkmated"]
[WhiteElo "1044"]
[BlackElo "1809"]
[Opening "QGD Slav: Krause attack"]
[ECO "D17"]
[NIC "SL.04"]
[Time "19:04:02"]
[PlyCount "56"]
[TimeControl "1800+10"]


1. d4 d5 2. c4 c6 3. Nf3 Nf6 4. Nc3 dxc4 5. a4 Bf5 6. Ne5 Nbd7 7. Nxc4 e6
8. f3 Bb4 9. e4 Bxe4 10. fxe4 Nxe4 11. Qf3 Ndf6 12. Bd2 Nxd2 13. Kxd2 Qxd4+
14. Kc2 Nd5 15. Rd1 Qc5 16. Ne4 Qe7 17. Be2 O-O 18. h4 b5 19. axb5 cxb5 20.
Ne5 Qc7+ 21. Kb3 Qxe5 22. Rxd5 exd5 23. Ng5 Be7 24. Qh5 h6 25. Bd3 Bf6 26.
Rb1 Qg3 27. Nf3 Qf4 28. Rf1 Qa4# { White checkmated } 0-1

[Event "ICC tourney 2201 (30 10)"]
[Site "Internet Chess Club"]
[Date "2020.12.13"]
[Round "5"]
[White "ybabji"]
[Black "eggonlea"]
[Result "1-0"]
[ICCResult "Black resigns"]
[WhiteElo "1854"]
[BlackElo "1826"]
[Opening "Sicilian: Alapin's variation (2.c3)"]
[ECO "B22"]
[NIC "SI.46"]
[Time "19:03:56"]
[PlyCount "93"]
[TimeControl "1800+10"]


1. e4 c5 2. c3 Nf6 3. e5 Nd5 4. Nf3 d6 5. exd6 Qxd6 6. d3 e5 7. Be2 Be7 8.
Na3 Nc6 9. Be3 O-O 10. Nc4 Qc7 11. Ncd2 b6 12. h3 h6 13. O-O Bb7 14. Qa4
Rad8 15. Rfe1 Kh8 16. Nf1 f5 17. Bd2 a6 18. Ng3 f4 19. Ne4 Nf6 20. Qc2 Nxe4
21. dxe4 Nb8 22. Bc4 b5 23. Bd5 Bxd5 24. exd5 Rxd5 25. Qe4 Rfd8 26. Nxe5
Rxe5 27. Qxe5 Bd6 28. Qh5 Nd7 29. Re8+ Rxe8 30. Qxe8+ Kh7 31. Qe4+ Kh8 32.
Re1 Nf6 33. Qa8+ Kh7 34. Qxa6 f3 35. Qxb5 Bh2+ 36. Kh1 fxg2+ 37. Kxg2 Qd6
38. Be3 Ne4 39. Qc4 Qc6 40. Kxh2 Qd6+ 41. f4 Qg6 42. Rg1 Qf5 43. a4 Nf6 44.
Qxc5 Qc2+ 45. Rg2 Qxa4 46. Qe7 Nh5 47. Bd4 { Black resigns } 1-0

[Event "ICC tourney 2201 (30 10)"]
[Site "Internet Chess Club"]
[Date "2020.12.13"]
[Round "5"]
[White "chesslin"]
[Black "Abror"]
[Result "0-1"]
[ICCResult "White resigns"]
[WhiteElo "1804"]
[BlackElo "1635"]
[Opening "Queen's pawn"]
[ECO "A40"]
[NIC "QO.17"]
[Time "19:04:08"]
[PlyCount "110"]
[TimeControl "1800+10"]


1. d4 e6 2. Bf4 d5 3. e3 f5 4. h3 Bd6 5. Nf3 Nf6 6. Nbd2 O-O 7. Bd3 c6 8.
Qe2 Ne4 9. Bxd6 Qxd6 10. Ne5 Nd7 11. Ndf3 c5 12. g4 c4 13. Bxe4 fxe4 14.
Nd2 Nxe5 15. dxe5 Qxe5 16. c3 Bd7 17. O-O-O b5 18. f4 Qc7 19. Rhf1 a5 20.
Rf2 b4 21. Nf1 bxc3 22. bxc3 Qc5 23. Kb1 Rab8+ 24. Ka1 Qa3 25. Qe1 Rb6 26.
Rb1 Rxb1+ 27. Kxb1 Rb8+ 28. Ka1 Ba4 29. Qd2 Bd7 30. Ng3 Qc5 31. Qc1 a4 32.
Rb2 Rxb2 33. Kxb2 a3+ 34. Ka1 g5 35. fxg5 e5 36. Qd2 Be6 37. Nh5 Qf8 38.
Nf6+ Kg7 39. Qf2 Qf7 40. Kb1 Kg6 41. h4 h6 42. Qh2 Qb7+ 43. Kc1 Qb2+ 44.
Qxb2 axb2+ 45. Kxb2 hxg5 46. hxg5 Kxg5 47. Ne8 Bd7 48. Nd6 Kxg4 49. Kc1 Kf3
50. Kd2 Kf2 51. Nf7 d4 52. cxd4 exd4 53. exd4 e3+ 54. Kc3 e2 55. Ng5 e1=Q+
{ White resigns } 0-1

[Event "ICC tourney 2201 (30 10)"]
[Site "Internet Chess Club"]
[Date "2020.12.13"]
[Round "5"]
[White "crazyhorse9"]
[Black "MikeWMason"]
[Result "1/2-1/2"]
[ICCResult "Game drawn by mutual agreement"]
[WhiteElo "1462"]
[BlackElo "1761"]
[Opening "Sicilian: Grand Prix attack"]
[ECO "B23"]
[NIC "SI.44"]
[Time "19:04:09"]
[PlyCount "149"]
[TimeControl "1800+10"]


1. e4 c5 2. Nc3 Nc6 3. f4 g6 4. Nf3 Bg7 5. Be2 e6 6. O-O Nge7 7. d3 O-O 8.
Qe1 f5 9. Kh1 d6 10. Qg3 Nd4 11. Nxd4 cxd4 12. Nb1 Bd7 13. Nd2 Rc8 14. Bf3
Qc7 15. Rf2 b5 16. Nb3 a5 17. Bd2 b4 18. a4 Qb6 19. Be1 Rc7 20. Nd2 Rxc2
21. Nc4 Rxf2 22. Bxf2 Qc5 23. e5 dxe5 24. fxe5 f4 25. Qg5 h6 26. Qh4 Nf5
27. Qxf4 Ne3 28. Qg3 Nxc4 29. dxc4 Qxe5 30. Re1 Qxg3 31. Bxg3 Bxa4 32. Rxe6
Bb3 33. Rxg6 Bxc4 34. Be5 Rf7 35. Bxd4 Kf8 36. Bxg7+ Rxg7 37. Rxh6 a4 38.
Rb6 Re7 39. h3 b3 40. Rb4 Be2 41. Bc6 Bd3 42. Bxa4 Re2 43. Rxb3 Be4 44. Rg3
Rxb2 45. Rg4 Bd5 46. h4 Be6 47. Rf4+ Kg7 48. Bc6 Rb6 49. Bf3 Bf7 50. Kh2
Rh6 51. Kh3 Be6+ 52. g4 Rf6 53. Rxf6 Kxf6 54. Kg3 Kg6 55. Kf4 Bc4 56. Be4+
Kg7 57. Kg5 Be2 58. h5 Bxg4 59. Kxg4 Kh8 60. Kg5 Kg7 61. h6+ Kh8 62. Kf6
Kg8 63. Kg5 Kh8 64. Kg6 Kg8 65. Kf6 Kh8 66. Ke7 Kg8 67. Ke8 Kh8 68. Ke7 Kg8
69. Kf6 Kh8 70. Kg5 Kg8 71. Bd5+ Kh8 72. Bf7 Kh7 73. Bg6+ Kh8 74. Kf6 Kg8
75. Kg5 { Game drawn by mutual agreement } 1/2-1/2